nht, chaotic female elven Wizard ... .... ..... --.. ---- ........ |.... --..---- ..-..... -^.... ..G@...... .<..... |...... ........... ...%.).. ...... .----.....| ...... |...... --....| |...- --..%.` ---..| |...----------[..-- ------.| .....%........)... |.....>| ....------------. |..--..- ..... ----.... ... ...- nht the Thaumaturge Experience level: 6 Strength: 25 Dexterity: 14 Constitution: 14 Intelligence: 19 Wisdom: 14 Charisma: 8 Health: 0(36) Energy: 46(83) Def: 2 Gold: 180 Moves: 1128 Dungeon seed: 7HGtFnwFARH6D3Zs Game ID: nht_1433268442 Your Inventory: Coins $ - 180 gold pieces Weapons a - a blessed +1 quarterstaff (weapon in hands) x - a -4 dwarvish mattock Armor e - an uncursed +0 cloak of magic resistance (being worn) y - an uncursed +0 pair of gauntlets of power (being worn) Comestibles V - an uncursed food ration Scrolls j - an uncursed scroll of enchant armor k - an uncursed scroll of destroy armor t - 2 uncursed scrolls of stinking cloud w - 2 uncursed scrolls of blank paper G - an uncursed scroll of fire H - 2 uncursed scrolls of light K - an uncursed scroll of confuse monster M - a blessed scroll of enchant weapon U - an uncursed scroll of food detection W - a blessed scroll of light Z - 2 cursed scrolls of enchant armor Spellbooks l - a blessed spellbook of force bolt I - an uncursed spellbook of healing Potions f - 2 uncursed potions of paralysis g - an uncursed potion of enlightenment h - an uncursed potion of invisibility r - an uncursed potion of see invisible u - 2 uncursed potions of object detection z - 2 uncursed potions of water L - an uncursed potion of monster detection P - an uncursed potion of hallucination Q - an uncursed potion of polymorph Rings c - an uncursed +2 ring of gain strength (on left hand) d - an uncursed ring of shock resistance X - a cursed ring of protection from shape changers Wands b - a wand of probing (0:3) S - a wand of secret door detection (0:12) Tools i - an uncursed magic lamp (lit) o - a magic marker (0:36) p - an uncursed leather drum v - an uncursed skeleton key E - 13 uncursed tallow candles (0:200) T - an uncursed magic whistle Gems q - an uncursed worthless piece of blue glass J - 2 uncursed worthless pieces of white glass Spells known in the end: Name Level Category Fail Memory a - force bolt 1 attack 3% 95% b - magic missile 2 attack 0% 95% c - haste self 3 escape 87% 95% Your skills at the end: Fighting Skills Weapon Skills quarterstaff [Basic] Spellcasting Skills attack spells [Basic] enchantment spells [Basic] Final Attributes: You were piously aligned. You were sleep resistant. You were magic-protected. You had infravision. You were lucky. You are dead. Vanquished creatures: 2 soldier ants 2 Uruk-hai 9 gnome lords 2 gnomish wizards 7 dwarves 3 hill orcs a rabid rat an acid blob a hobbit a brown mold 23 gnomes a gecko 2 foxen 2 lichens 3 newts 60 creatures vanquished. Voluntary challenges: You followed a strict vegan diet. You used a wielded weapon 61 times, starting on turn 46. You read items or engraved 7 times, starting on turn 600. You never genocided any monsters. You never polymorphed an object. You never changed form. You used no wishes. You never split a pudding. You wrote Elbereth's name 3 times, starting on turn 600. You never violated your personal moral code. You disabled loading bones files. Dungeon overview: The Dungeons of Doom: levels 1 to 4 Level 1 a long staircase Level 2 Level 3 Level 4 stairs to The Gnomish Mines The Gnomish Mines: levels 5 to 9 Level 5 stairs to The Dungeons of Doom Level 6 <- You were here Level 7 Level 8 some shops, a temple to Thoth, some fountains Level 9 History has recorded: On T:1 you entered the Dungeons of Doom to retrieve the Amulet of Yendor! On T:42 you reached level 2 of The Dungeons of Doom. On T:190 you reached level 3 of The Dungeons of Doom. On T:242 you reached level 4 of The Dungeons of Doom. On T:255 you advanced to experience level 2. On T:402 you reached level 1 of The Gnomish Mines. On T:412 you advanced to experience level 3. On T:472 you advanced to experience level 4. On T:550 you reached level 2 of The Gnomish Mines. On T:553 you advanced to experience level 5. On T:730 you reached level 4 of The Gnomish Mines. On T:751 you advanced to experience level 6. On T:984 you reached level 5 of The Gnomish Mines. Score breakdown: Gold: 180 ( 7679 points) Experience: 6 levels (12456 points) Exploration: 9 levels ( 18.37%) (12247 points) Discoveries: 11 items ( 3.99%) ( 5989 points) Valuables value: (no points given unless you survive) Artifact value: 0 ( 0 points) Variety of kills: 15 monsters ( 3.96%) ( 5968 points) Time penalty: 1128 turns ( 0 points) Survival: died (score multiplied by 80%) Total score: 35471 Latest messages: Z - 2 cursed scrolls of enchant armor. W - a blessed scroll of light. H - an uncursed scroll of light. w - 2 uncursed unlabeled scrolls. I - an uncursed spellbook called lg1. L - an uncursed bubbly potion. z - 2 uncursed clear potions. r - an uncursed murky potion. u - 2 uncursed pink potions. P - an uncursed yellow potion. X - a cursed topaz ring. S - an uncursed wand called iron nomsg. v - an uncursed key. i - an uncursed magic lamp. T - an uncursed magic whistle. E - 13 uncursed tallow candles. q - an uncursed blue gem. J - 2 uncursed white gems. 2 white gems land on the altar. You drop 4 candles. You sold 4 candles for 20 gold pieces. You write in the dust with your fingers. Your writing hand is beginning to cramp. The gnome king hits! You die... Final status: Goodbye nht the Wizard, killed by a gnome king... You died in The Gnomish Mines on dungeon level 6 with 35471 points, and 180 pieces of gold, after 1128 moves. You were level 6 with a maximum of 36 hit points when you died.